 Dungeon Crawl Stone Soup version 0.21-a0-88-g13b9641 (webtiles) character file.

86 vev the Caller (level 4, 0/27 HPs)
             Began as an Octopode Summoner on June 28, 2017.
             Succumbed to a worker ant's poison
             ... on level 4 of the Dungeon.
             The game lasted 00:08:48 (2590 turns).

vev the Caller (Octopode Summoner)                  Turns: 2590, Time: 00:08:49

Health: 0/27       AC:  1    Str:  7    XL:     4   Next: 49%
Magic:  7/7        EV: 13    Int: 18    God:
Gold:   117        SH:  0    Dex: 12    Spells: 3/7 levels left

rFire    . . .     SeeInvis .   a - +1 whip (elec)
rCold    . . .     Gourm    +   (no shield)
rNeg     . . .     Faith    .   (helmet restricted)
rPois    .         Spirit   .   y - amulet of the gourmand
rElec    .         Reflect  .   (no ring)
rCorr    .         Harm     .   (no ring)
MR       .....                  (no ring)
Stlth    ++++......             (no ring)
HPRegen  0.09/turn              (no ring)
MPRegen  0.10/turn              (no ring)
                                (no ring)
                                (no ring)

@: lethally poisoned (0 -> -9), flying
A: almost no armour, stealthy swim, amphibious, 8 rings, constrict 8, camouflage
1, gelatinous body 1
a: no special abilities


You were on level 4 of the Dungeon.
You were not hungry.

You visited 1 branch of the dungeon, and saw 4 of its levels.

You collected 117 gold pieces.

Inventory:

Hand Weapons
 a - a +1 whip of electrocution (weapon)
 c - a +0 dagger
 h - a +0 hunting sling
Magical Staves
 u - an uncursed staff of fire
Jewellery
 y - an amulet of the gourmand (around mantle)
Wands
 z - a wand of digging (18/24)
 A - a wand of paralysis (17/24)
Scrolls
 d - a scroll of immolation
 e - 2 scrolls of fog
 i - a scroll of enchant armour {unknown}
 j - a scroll of amnesia {unknown}
 m - a scroll of random uselessness {unknown}
 t - 2 scrolls of identify
 x - a scroll of remove curse {unknown}
 C - a scroll of fear {unknown}
 D - a scroll of magic mapping {unknown}
Potions
 f - a potion of curing {unknown}
 g - a potion of flight
 l - a potion of degeneration {unknown}
 o - a potion of ambrosia {unknown}
 q - a potion of mutation {unknown}
 r - a potion of berserk rage {unknown}
 s - a potion of cancellation {unknown}
 v - a potion of brilliance {unknown}
 w - a potion of haste {unknown}
 B - a potion of heal wounds {unknown}
Books
 n - a book of Callings

   Spells                             Type                      Level
   a - Summon Small Mammal            Summoning                    1
   b - Call Imp                       Summoning                    2
   c - Call Canine Familiar           Summoning                    3
   d - Summon Guardian Golem          Hexes/Summoning              3
   e - Summon Lightning Spire         Summoning/Air                4
   f - Summon Ice Beast               Ice/Summoning                4
Comestibles
 b - 7 bread rations
 k - 2 fruits
 p - a royal jelly
 E - 3 chunks of flesh


   Skills:
 - Level 2.0 Dodging
 + Level 4.6 Stealth
 + Level 2.3 Spellcasting
 + Level 4.9 Summonings


You had 3 spell levels left.
You knew the following spells:

 Your Spells              Type           Power        Failure   Level  Hunger
a - Summon Small Mammal   Summ           ###.         2%          1    #......
d - Call Canine Familiar  Summ           ###.....     7%          3    ###....


Dungeon Overview and Level Annotations

Branches:
Dungeon (4/15)
 Temple: D:4-7

Altars:
Kikubaaqudgha

Annotations:
D:3 Grinder
D:4 Duffy's ghost, amateur DEFE


Innate Abilities, Weirdness & Mutations

You cannot wear most types of armour.
You are very stealthy in the water. (Stealth+)
You are amphibious.
You can wear up to eight rings at the same time.
You can use your tentacles to constrict eight enemies at once.
Your skin changes colour to match your surroundings (Stealth+).
Your rubbery body absorbs attacks. (AC +1, EV +1)


Message History

Found 2 bubbling golden potions and 8 javelins.
The worker ant completely misses you.
You closely miss the worker ant. Your grab misses the worker ant.
Your squeeze misses the worker ant. The worker ant bites you!
The worker ant bites you.
Casting: Call Canine Familiar
Confirm with . or Enter, or press ? or * to list all spells.
The worker ant bites you!
* * * LOW HITPOINT WARNING * * *
Your quokka closely misses the worker ant.
Your quokka barely misses the worker ant.
The worker ant completely misses you.
Your quokka bites the worker ant.
The worker ant bites you!
* * * LOW HITPOINT WARNING * * *
You are lethally poisoned!
The worker ant poisons you!
It was a potion of flight.
You feel very buoyant.
You fly up into the air.
You die...

.... #.....# #....##
....#######.....# ##...##
#................####...#
.......#>[.................
#...........###.###.....#####
#...........# #.# #.....#
#...........# #+###.....#####
...........##...............
.........ra@'...............
#.......##.......##......
#####......)##.......##......
........######.......##......
........# #.......##......
........######.......##......
........)......###### #......
............... #......
............!.. ###......


You could see a worker ant and a friendly quokka.

Vanquished Creatures
  2 adders
  A worm (D:2)
  A dart slug (D:3)
  3 leopard geckos
  2 orcs (D:4)
  4 giant cockroaches
  5 goblins
  5 hobgoblins
  2 jackals (D:3)
  A quokka (D:2)
  2 bats (D:2)
  2 frilled lizards
  9 kobolds
  8 rats
47 creatures vanquished.

Vanquished Creatures (collateral kills)
  2 worms (D:2)
  A bat (D:1)
  3 hobgoblins
  A kobold (D:1)
7 creatures vanquished.

Grand Total: 54 creatures vanquished

Notes
Turn   | Place    | Note
-------+----------+-------------------------------------------
     0 | D:1      | vev the Octopode Summoner began the quest for the Orb.
     0 | D:1      | Reached XP level 1. HP: 11/11 MP: 3/3
   113 | D:1      | You fall through a shaft!
   165 | D:2      | Reached skill level 3 in Stealth
   232 | D:2      | Reached XP level 2. HP: 17/17 MP: 5/5
   556 | D:1      | Reached skill level 4 in Stealth
   654 | D:1      | Reached XP level 3. HP: 9/21 MP: 6/6
  1140 | D:1      | Learned a level 3 spell: Call Canine Familiar
  1456 | D:2      | Found an ancient bone altar of Kikubaaqudgha.
  1691 | D:3      | Noticed Grinder
  1947 | D:3      | Found a faded altar of an unknown god.
  2016 | D:3      | Reached XP level 4. HP: 24/27 MP: 7/7
  2438 | D:4      | Noticed Duffy's ghost (amateur DEFE)
  2589 | D:4      | HP: 1/27 [worker ant (7)]
  2590 | D:4      | Succumbed to a worker ant's poison

Vault maps used:
D:1:      dpeg_arrival_rhombus, minmay_tetromino_l2
D:2:      kiku_gazebo_pond_becter
D:3:      first_bread, chequers_ecumenical_altar_lobes, uniq_grinder

Skill      XL: |  1  2 |
---------------+-------+-----
Stealth        | 3 4 |  4.6
Dodging        | |  2.0
Spellcasting   | |  2.3
Summonings     | |  4.9

Action                   |  1- 3 |  4- 6 || total
-------------------------+-------+-------++-------
Melee: Dagger            |    43 |       ||    43
       Constrict         |    21 |     3 ||    24
       Tentacles         |    13 |     4 ||    17
       Whip              |    35 |    16 ||    51
 Cast: Summon Small Mamm |    17 |     2 ||    19
       Call Canine Famil |     3 |     2 ||     5
  Use: Scroll            |       |     3 ||     3
       Potion            |       |     1 ||     1
 Stab: Sleeping          |    11 |     4 ||    15
       Distracted        |       |     1 ||     1
  Eat: Chunk             |     3 |     3 ||     6
Armor: Skin              |     5 |       ||     5
Dodge: Dodged            |    38 |     6 ||    44
